 Dungeon Crawl Stone Soup version 0.23.0-3-gf3c87f2 (webtiles) character file.

Game seed: 15720213648668143803

661233 Gorice the Minotaur Blade (level 27, -1/254 HPs)
             Began as a Minotaur Fighter on Feb 23, 2019.
             Was the Champion of Okawaru.
             Killed from afar by an ancient lich (44 damage)
             ... with a bolt of acid
             ... on level 5 of the Realm of Zot on Feb 24, 2019.
             The game lasted 06:21:19 (70495 turns).

Gorice the Minotaur Blade (Minotaur Fighter)       Turns: 70495, Time: 06:21:20

Health: -1/254     AC: 48    Str: 22      XL:     27
Magic:  0/36       EV: 12    Int: 25      God:    Okawaru [******]
Gold:   4995       SH:  0    Dex: 11 (15) Spells: 36/47 levels left

rFire    + . .     SeeInvis +   a - +6 triple sword of Resourcefulness {slice, rPois rC++ Str-5 Int+6}
rCold    + + .     Gourm    .   (shield currently unavailable)
rNeg     + . .     Faith    .   A - +11 crystal plate armour of the World {Regen+ Int+3}
rPois    +         Spirit   +   M - +2 hat {SInv}
rElec    +         Reflect  .   K - scarf {Spirit}
rCorr    .         Harm     .   b - +2 pair of gloves of Ytehible {rElec Dex+4}
MR       ++++.     Rnd*Rage +   v - +2 pair of boots {run}
Stlth    ..........             L - amulet of Moderation {MR++ Regen+}
HPRegen  2.32/turn              e - ring of Agnosticism {rElec rPois rN+ Int+9 Dex-2}
MPRegen  0.25/turn              f - ring of protection from fire

@: berserk cooldown, regenerating, slowed, lightly drained, very slow
A: retaliatory headbutt, horns 2, berserk 1, dopey 1, mutation resistance 1
0: Orb of Zot
}: 3/15 runes: decaying, serpentine, silver
a: Heroism, Finesse, Renounce Religion


You were on level 5 of the Realm of Zot.
You worshipped Okawaru.
Okawaru was exalted by your worship.
You were not hungry.

You visited 10 branches of the dungeon, and saw 50 of its levels.
You also visited: Ossuary and Volcano.

You collected 7725 gold pieces.
You spent 2730 gold pieces at shops.

Inventory:

Hand Weapons
 a - the +6 triple sword of Resourcefulness (weapon) {slice, rPois rC++ Str-5 Int+6}
   (Okawaru gifted it to you on level 11 of the Dungeon)

   It inflicts extra damage upon your enemies.
   It affects your strength (-5).
   It affects your intelligence (+6).
   It greatly protects you from cold.
   It protects you from poison.
 B - a +9 blowgun
Missiles
 i - 16 curare-tipped needles
 y - 32 javelins of penetration
 z - 25 javelins of returning (quivered)
 P - 3 silver javelins
Armour
 b - the +2 pair of gloves of Ytehible (worn) {rElec Dex+4}
   (You acquired it on level 15 of the Dungeon)

   It affects your dexterity (+4).
   It insulates you from electricity.
 v - a +2 pair of boots of running (worn)
   (You bought it in a shop on level 2 of the Orcish Mines)
 A - the +11 crystal plate armour of the World (worn) {Regen+ Int+3}
   (Okawaru gifted it to you on level 5 of the Lair of Beasts)

   It affects your intelligence (+3).
   It increases your rate of regeneration.
 K - a scarf of spirit shield (worn)
   (You found it on level 8 of the Dungeon)
 M - a +2 hat of see invisible (worn)
   (You acquired it on level 1 of the Depths)
 N - a scarf of repulsion
   (Okawaru gifted it to you on level 4 of the Realm of Zot)
Jewellery
 c - an uncursed ring of protection from cold
 e - the ring of Agnosticism (left hand) {rElec rPois rN+ Int+9 Dex-2}
   (You found it on level 3 of the Crypt)

   [ring of positive energy]

   It affects your intelligence (+9).
   It affects your dexterity (-2).
   It insulates you from electricity.
   It protects you from poison.
   It protects you from negative energy.
 f - a ring of protection from fire (right hand)
 C - an uncursed ring of resist corrosion
 F - an uncursed ring of flight
 L - the amulet of Moderation (around neck) {MR++ Regen+}
   (You found it on level 3 of the Crypt)

   [amulet of regeneration]

   It affects your resistance to hostile enchantments.
   It increases your rate of regeneration.
Wands
 o - a wand of enslavement (31)
 E - a wand of paralysis (50)
 I - a wand of acid (31)
 O - a wand of iceblast (4)
 V - a wand of digging (34)
 X - a wand of scattershot (7)
Scrolls
 g - 27 scrolls of remove curse
 j - 3 scrolls of holy word {!r}
 u - 10 scrolls of fog
 D - 8 scrolls of blinking
 H - 12 scrolls of fear {!r}
 J - 16 scrolls of teleportation {!r}
 Q - a scroll of summoning {!r}
 T - 17 scrolls of identify
Potions
 d - 6 potions of might {!q}
 h - 8 potions of heal wounds {!q}
 k - 4 potions of magic {!q}
 m - 13 potions of brilliance {!q}
 q - 3 potions of resistance {!q}
 r - 17 potions of curing
 t - 3 potions of invisibility {!q}
 w - 4 potions of berserk rage
 x - 7 potions of agility {!q}
 G - 3 potions of cancellation {!q}
 U - 8 potions of haste {!q}
 W - 3 potions of mutation {!q}
Miscellaneous
 l - 5 boxes of beasts
 n - 2 phantom mirrors
 S - a lightning rod (4/4) {!a}
Comestibles
 p - 4 chunks of flesh
 s - 69 rations


   Skills:
 - Level 22.0(21.7) Fighting
 - Level 24.0(23.7) Long Blades
 - Level 10.0(9.8) Throwing
 - Level 22.0(21.7) Armour
 + Level 17.7(17.4) Dodging
   Level 3.6(3.4) Shields
 + Level 10.5(10.3) Spellcasting
 + Level 9.2(9.0) Hexes
 + Level 6.5(6.3) Charms
 - Level 10.0(9.8) Summonings
 + Level 7.2(7.0) Necromancy
 - Level 11.0(10.8) Translocations
 + Level 7.1(6.9) Air Magic
 - Level 12.0(11.8) Invocations
 - Level 12.0(11.7) Evocations


You had 36 spell levels left.
You knew the following spells:

 Your Spells              Type           Power        Failure   Level  Hunger
p - Portal Projectile     Hex/Tloc       ######       4%          3    None
B - Summon Butterflies    Summ           ######..     1%          1    None
J - Blink                 Tloc           N/A          1%          2    None
R - Regeneration          Chrm/Necr      #####.....   16%         3    None
S - Swiftness             Chrm/Air       #####...     9%          2    None

Your spell library contained the following spells:

 Spells                   Type           Power        Failure   Level  Hunger
 Confusing Touch          Hex            ######       1%          1    None
 Corona                   Hex            ######.      1%          1    None
 Summon Small Mammal      Summ           ####         1%          1    None
 Call Imp                 Summ           ######..     2%          2    None
 Shroud of Golubria       Chrm/Tloc      ######....   3%          2    None
 Slow                     Hex            ######..     3%          2    None
 Gell's Gravitas          Tloc           ######....   3%          3    None
 Animate Skeleton         Necr           N/A          4%          1    None
 Call Canine Familiar     Summ           ######..     4%          3    None
 Summon Guardian Golem    Hex/Summ       ######..     5%          3    None
 Confuse                  Hex            ######..     6%          3    None
 Corpse Rot               Necr           N/A          7%          2    None
 Sublimation of Blood     Necr           #####.....   7%          2    None
 Vampiric Draining        Necr           #####.....   14%         3    None
 Shock                    Conj/Air       ####         21%         1    None
 Cause Fear               Hex            ######....   21%         4    None
 Summon Lightning Spire   Summ/Air       ######..     26%         4    None
 Poisonous Vapours        Pois/Air       ####..       30%         2    None
 Summon Forest            Summ/Tloc      ######....   32%         5    ####...
 Dazzling Spray           Conj/Hex       #####.       36%         3    None
 Inner Flame              Hex/Fire       #####...     36%         3    None
 Summon Demon             Summ           ######....   38%         5    ####...
 Animate Dead             Necr           N/A          41%         4    None
 Airstrike                Air            #####.....   43%         4    None
 Summon Mana Viper        Hex/Summ       ######..     43%         5    ####...
 Static Discharge         Conj/Air       ####....     52%         3    None
 Beastly Appendage        Tmut           ##....       63%         1    None
 Flame Tongue             Conj/Fire      ##...        63%         1    None
 Magic Dart               Conj           ##..         63%         1    None
 Sandblast                Erth           ##....       63%         1    None
 Sting                    Conj/Pois      ##..         63%         1    None
 Force Lance              Conj/Tloc      #####...     65%         4    None
 Silence                  Hex/Air        ######....   65%         5    ####...
 Mephitic Cloud           Conj/Pois/Air  ###.....     67%         3    None
 Summon Ice Beast         Ice/Summ       #####...     73%         4    None
 Passwall                 Tmut/Erth      ##......     77%         2    None
 Searing Ray              Conj           ##....       77%         2    None
 Sticks to Snakes         Tmut           ##......     77%         2    None
 Throw Flame              Conj/Fire      ##....       77%         2    None
 Fulminant Prism          Conj/Hex       #####.....   77%         4    None
 Leda's Liquefaction      Hex/Erth       #####.....   77%         4    None
 Agony                    Necr           #####...     77%         5    ####...
 Dispel Undead            Necr           #####...     77%         5    ####...
 Excruciating Wounds      Chrm/Necr      #####.....   82%         5    ####...
 Conjure Flame            Conj/Fire      ##......     94%         3    None
 Ignite Poison            Fire/Tmut/Pois ##......     94%         3    None
 Spider Form              Tmut/Pois      ##........   94%         3    None
 Stone Arrow              Conj/Erth      ##....       94%         3    None
 Metabolic Englaciation   Hex/Ice        #####.....   98%         5    ####...
 Yara's Violent Unravell  Hex/Tmut       #####.....   98%         5    ####...
 Bolt of Draining         Conj/Necr      ####......   99%         5    ####...
 Iskenderun's Battlesphe  Conj/Chrm      ####....     99%         5    ####...
 Lightning Bolt           Conj/Air       ####......   99%         5    ####...
 Ice Form                 Ice/Tmut       ##......     100%        4    None
 Iskenderun's Mystic Bla  Conj           ##......     100%        4    None
 Olgreb's Toxic Radiance  Pois           ##......     100%        4    None
 Petrify                  Tmut/Erth      ##......     100%        4    None
 Sticky Flame             Conj/Fire      ##......     100%        4    None
 Alistair's Intoxication  Tmut/Pois      ##......     100%        5    ####...
 Blade Hands              Tmut           ##........   100%        5    ####...
 Bolt of Magma            Conj/Fire/Erth ##........   100%        5    ####...
 Fireball                 Conj/Fire      ##........   100%        5    ####...
 Irradiate                Conj/Tmut      ##........   100%        5    ####...
 Lee's Rapid Deconstruct  Erth           ##........   100%        5    ####...
 Venom Bolt               Conj/Pois      ##........   100%        5    ####...
 Bolt of Cold             Conj/Ice       ##........   100%        6    #####..
 Bolt of Fire             Conj/Fire      ##........   100%        6    #####..
 Deflect Missiles         Chrm/Air       #####.....   100%        6    #####..
 Freezing Cloud           Conj/Ice/Air   ###.......   100%        6    #####..
 Hydra Form               Tmut           ##........   100%        6    #####..
 Iron Shot                Conj/Erth      ##........   100%        6    #####..
 Poison Arrow             Conj/Pois      ##........   100%        6    #####..
 Statue Form              Tmut/Erth      ##.......    100%        6    #####..
 Dragon Form              Tmut           ##........   100%        7    #######
 Orb of Destruction       Conj           ##........   100%        7    #######
 Ring of Flames           Chrm/Fire      ####......   100%        7    #######
 Spellforged Servitor     Conj/Summ      #####.....   100%        7    #######
 Summon Hydra             Summ           ######....   100%        7    #######
 Chain Lightning          Conj/Air       ####......   100%        8    #######
 Discord                  Hex            ######....   100%        8    #######
 Lehudib's Crystal Spear  Conj/Erth      ##........   100%        8    #######
 Dragon's Call            Summ           ######....   100%        9    #######
 Fire Storm               Conj/Fire      ##........   100%        9    #######
 Glaciate                 Conj/Ice       ##........   100%        9    #######


Dungeon Overview and Level Annotations

Branches:
Dungeon (15/15)            Temple (1/1) D:6            Lair (6/6) D:11
  Swamp (4/4) Lair:2        Snake (4/4) Lair:4        Slime (0/5) Lair:5
    Orc (2/2) D:12            Elf (0/3) Orc:2        Vaults (5/5) D:13
  Crypt (3/3) Vaults:2       Tomb (0/3) Crypt:3      Depths (5/5) D:15
    Zot (5/5) Depths:5

Altars:
Ashenzari
Cheibriados
Dithmenos
Elyvilon
Fedhas
Gozag
Hepliaklqana
Kikubaaqudgha
Makhleb
Nemelex Xobeh
Okawaru
Qazlal
Ru
Sif Muna
Trog
Uskayaw
Vehumet
Wu Jian
Xom
Yredelemnul
Zin
The Shining One
Jiyva

Shops:
D:4 (   D:11 ?([(   D:13 :   D:14 *   Orc:2 =*[(   Vaults:1 [   Vaults:5 :
Depths:3 }   Depths:4 }=}

Portals:
Hell: Lair:6 Depths:1 Depths:2 Depths:3 Depths:4 Depths:5
Abyss: Depths:4
Pandemonium: Depths:2 Depths:3 Depths:5
Ziggurat: Depths:4
Trove: Depths:5 (give 11 potions of heal wounds)

Annotations:
D:2 Sigmund
D:9 3 runed translucent doors, DevastatorOne's ghost, journeyman TrFi; Doalen's ghost, novice HOFi; Tuyrink's ghost, journeyman OpWn


Innate Abilities, Weirdness & Mutations

You reflexively headbutt those who attack you in melee.
You have a pair of horns on your head.
You tend to lose your temper in combat.
You are dopey. (Int -2)
You are somewhat resistant to further mutation.


Message History

Your skin crawls.
Casting: Regeneration (safe; 14% risk of failure)
Confirm with . or Enter, or press ? or * to list all spells.
Your skin crawls.
You see here 23 stones.
An ancient lich comes into view.
The ancient lich shouts!
The ancient lich casts a spell at you. The bolt of acid hits you!!!
You are splashed with acid!
* * * LOW HITPOINT WARNING * * *
Damage: 38 (max 38)
The ancient lich touches you but does no damage.
Your crystal plate armour of the World prevents you from hitting the ancient lich.
You headbutt the ancient lich, but do no damage.
The ancient lich misses you.
You hit the ancient lich but do no damage.
You headbutt the ancient lich!
The ancient lich is lightly damaged.
The ancient lich touches you but does no damage.
You slice the ancient lich!!
You headbutt the ancient lich, but do no damage.
The ancient lich is moderately damaged.
The ancient lich touches you but does no damage.
You hit the ancient lich but do no damage.
Your headbutt misses the ancient lich.
The ancient lich is moderately damaged.
The ancient lich touches you but does no damage.
You hit the ancient lich.
The ancient lich is heavily damaged.
The ancient lich touches you but does no damage.
You slash the ancient lich!
The ancient lich is heavily damaged.
The ancient lich touches you but does no damage.
You slice the ancient lich!!
The ancient lich is severely damaged.
The ancient lich touches you! You partially resist.
You feel drained.
Damage: 9 (max 38)
You closely miss the ancient lich.
You headbutt the ancient lich, but do no damage.
The ancient lich is severely damaged.
The ancient lich casts a spell at you. The crystal spear hits you!!!
* * * LOW HITPOINT WARNING * * *
Damage: 45 (max 45)
Your crystal plate armour of the World prevents you from hitting the ancient lich.
You headbutt the ancient lich, but do no damage.
The ancient lich is severely damaged.
The ancient lich points at you and mumbles some strange words.
The bolt of acid hits you!!!
You die...

########.......#...# #...##.
#....########...#######...###
#.^................[.......<.
#...<........................
#^#.)........................
#.##.##...########...########
#.##.##....## #####
#.##.##...#L### #
#.##.###....@[# ##### #
#.##.# #.)....## #...# #
#.##.# #.......####...#######
#.##.# ########(.............
#.##.# ######..)###### #.##.#
#...# #.##.# #...## #.##.#
##...# #.##.# #...#


You could see an ancient lich.

Vanquished Creatures
  9 orbs of fire
  6 ancient liches
  6 juggernauts
  Sojobo (Depths:3)
  A greater mummy (Crypt:3)
  3 Killer Klowns (Zot:5)
  Saint Roka (Vaults:4)
  Frederick (Vaults:4)
  Margery (Crypt:2)
  A profane servitor (Depths:4)
  2 caustic shrikes
  8 golden dragons
  A bone dragon (Zot:2)
  8 liches
  2 electric golems (Zot:5)
  Rupert (Snake:1)
  13 tentacled monstrosities
  26 Orb Guardians (Zot:5)
  Asterion (Snake:3)
  7 titans
  6 quicksilver dragons
  5 death cobs
  8 sphinxes
  2 ancient champions
  Agnes (Snake:1)
  Kirke (Snake:1)
  8 shadow dragons
  2 thorn hunters
  8 storm dragons
  Roxanne (Swamp:3)
  12 tengu reavers
  4 revenants
  A draconian monk (Depths:5)
  13 frost giants
  12 nagarajas
  7 vault wardens
  11 fire giants
  5 deep elf sorcerers
  A balrug (Depths:5)
  3 iron dragons
  2 draconian knights
  Aizul (Snake:3)
  2 draconian scorchers
  3 ghost moths
  3 orc warlords
  3 ghouls
  The ghost of feelmyfire the Brawler, a journeyman NaTm of Cheibriados (Lair:1)
  2 draconian stormcallers (Zot:2)
  3 draconian annihilators
  4 war gargoyles
  2 spriggan defenders
  13 very ugly things
  17 ironheart preservers
  30 stone giants
  3 entropy weavers
  5 vampire knights
  2 deep elf demonologists
  Nessos (Lair:4)
  8 green draconians
  9 black draconians
  7 red draconians
  7 purple draconians
  6 white draconians
  A deep elf annihilator (Vaults:1)
  8 spark wasps
  7 eidola
  2 pearl dragon zombies (Depths:4)
  Snorg (Lair:4)
  18 fire dragons
  7 deep elf death magi
  2 merfolk javelineers (Depths:4)
  19 ettins
  7 mummy priests
  16 ogre magi
  13 jiangshi
  25 yaktaur captains
  A deep elf high priest (Vaults:5)
  Erolcha (D:13)
  A quicksilver dragon zombie (Crypt:2)
  6 great orbs of eyes
  18 naga warriors
  3 rakshasas
  23 hydras
  3 merfolk impalers
  A ghost crab (Swamp:1)
  32 vault guards
  A catoblepas (D:15)
  10 ice dragons
  2 shambling mangroves
  5 spriggan air magi
  17 anacondas
  11 centaur warriors
  55 two-headed ogres
  A dancing weapon (Vaults:4)
  4 death knights
  An anaconda (shapeshifter) (Vaults:5)
  4 death yaks
  8 deep troll shamans
  A titan zombie (Crypt:3)
  The ghost of p0werm0de the Fighter, a novice OpWn of Cheibriados (D:11)
  3 tengu warriors
  18 alligators
  10 naga sharpshooters
  10 deep troll earth magi
  9 vampire magi
  6 hell hogs
  8 shock serpents
  3 orc high priests (Orc:2)
  6 hell knights
  A storm dragon zombie (Crypt:2)
  9 spriggan berserkers
  A soul eater (Crypt:3)
  12 deep elf knights
  A sun demon (Lair:6)
  Sonja (D:13)
  A titan skeleton (Crypt:1)
  5 shadow wraiths
  9 iron trolls
  A fire crab (shapeshifter) (Vaults:3)
  5 salamander mystics
  16 skeletal warriors
  A death drake (shapeshifter) (Depths:3)
  10 unseen horrors
  2 storm dragon skeletons (Crypt:1)
  A golden dragon zombie (Crypt:1)
  5 large abominations
  6 flayed ghosts
  An iron giant skeleton (Crypt:3)
  An unseen horror (shapeshifter) (Vaults:1)
  21 deep trolls
  2 glowing orange brains
  A deep troll (shapeshifter) (Depths:3)
  15 swamp dragons
  2 torturous demonspawn (Depths:5)
  A spriggan druid (Swamp:1)
  7 lindwurms
  10 ironbrand convokers
  An obsidian statue (Zot:5)
  5 harpies (Vaults:3)
  10 phantasmal warriors
  9 naga ritualists
  6 wizards
  A glowing orange brain (shapeshifter) (Vaults:1)
  6 necromancers
  An orange crystal statue (Depths:4)
  8 deep elf archers
  22 orc knights
  A wolf spider zombie (D:15)
  A shadow dragon zombie (Crypt:1)
  64 ugly things
  24 mana vipers
  18 deep elf magi
  An iron dragon zombie (Crypt:1)
  7 orc sorcerers
  2 fire giant zombies (Vaults:5)
  5 oklob plants
  2 manticores
  9 salamanders
  3 wolf spiders
  15 elephants
  2 iron dragon skeletons
  4 apis skeletons (Depths:4)
  11 guardian serpents
  46 black mambas
  A moth of wrath (shapeshifter) (Depths:1)
  21 naga magi
  2 stone giant skeletons (Crypt:2)
  12 moths of wrath
  2 black mambas (shapeshifter)
  13 vault sentinels
  9 cyclopes
  Maurice (Orc:2)
  21 spiny frogs
  A torpor snail (shapeshifter) (Vaults:5)
  A smoke demon (Lair:6)
  An orange demon (Lair:6)
  4 gargoyles
  2 efreet (D:14)
  2 rime drakes
  A swamp worm zombie (Crypt:1)
  4 komodo dragons
  A komodo dragon (shapeshifter) (Vaults:1)
  A yaktaur (shapeshifter) (Vaults:4)
  14 freezing wraiths
  2 tengu conjurers (D:15)
  36 yaktaurs
  A red devil (Lair:6)
  33 guardian mummies
  A tormentor (Zot:5)
  4 ice devils
  2 catoblepas skeletons
  A queen ant zombie (Crypt:1)
  A jumping spider (shapeshifter) (Depths:3)
  A hydra zombie (Crypt:2)
  5 trolls
  A jumping spider (Vaults:1)
  14 hornets
  3 polar bears
  8 tyrant leeches
  A merfolk (D:10)
  A hydra skeleton (Crypt:1)
  A hippogriff (shapeshifter) (Depths:1)
  17 bog bodies
  Prince Ribbit (D:5)
  A blink frog (shapeshifter) (Depths:3)
  A human simulacrum (Vaults:2)
  A satyr zombie (Crypt:2)
  11 blink frogs
  20 slime creatures
  8 hippogriffs
  A stone giant simulacrum (Crypt:1)
  A spriggan (shapeshifter) (Vaults:5)
  4 flying skulls
  A fire dragon skeleton (Crypt:2)
  A tarantella (Vaults:1)
  9 wraiths
  3 wyverns
  A yak (shapeshifter) (D:15)
  4 ushabtiu (Crypt:3)
  An ice dragon skeleton (Crypt:3)
  A wyvern (shapeshifter) (Vaults:3)
  An elf zombie (Vaults:5)
  A hog (shapeshifter) (Vaults:1)
  4 spriggans
  6 water elementals
  5 shadows
  30 yaks
  4 redbacks
  6 fire bats (Swamp:4)
  3 steam dragons
  5 chaos spawn (Depths:4)
  2 hogs (Snake:1)
  5 basilisks
  A golden eye (shapeshifter) (Depths:2)
  A neqoxec (Depths:5)
  21 vampire mosquitoes
  3 hungry ghosts
  2 wargs
  23 insubstantial wisps
  A hydra simulacrum (Crypt:1)
  10 swamp worms
  A merfolk zombie (Crypt:2)
  49 nagas
  3 acid dragons
  15 hell hounds
  A floating eye (shapeshifter) (Vaults:5)
  20 swamp drakes
  8 porcupines
  25 water moccasins
  57 orc warriors
  5 ice beasts
  4 sky beasts
  5 black bears
  10 necrophages
  38 ogres
  A spiny frog skeleton (Crypt:3)
  3 phantoms
  2 eyes of draining
  10 boggarts
  3 small abominations (Depths:4)
  9 wolves
  A blink frog zombie (Crypt:2)
  An elephant zombie (Crypt:1)
  A snapping turtle skeleton (Crypt:1)
  14 centaurs
  A swamp dragon skeleton (Crypt:3)
  17 crocodiles
  22 bullfrogs
  A wyvern zombie (D:7)
  A wyvern skeleton (D:9)
  10 scorpions
  A scorpion (shapeshifter) (Vaults:2)
  11 killer bees
  A spriggan zombie (Crypt:3)
  A killer bee (shapeshifter) (Depths:3)
  26 wights
  An electric eel (Lair:2)
  A howler monkey (D:4)
  14 crimson imps
  A quasit (D:15)
  A yaktaur simulacrum (Vaults:1)
  2 bullfrog zombies (D:5)
  3 bullfrog skeletons
  5 centaur skeletons
  5 hounds
  2 jellies
  5 centaur zombies
  4 human zombies
  22 orc priests
  An iron imp (Depths:5)
  2 iguanas
  Ijyb (D:3)
  33 orc wizards
  12 worker ants
  7 hell rats (Lair:3)
  A demigod zombie (Crypt:1)
  A big kobold zombie (Ossuary)
  A hound zombie (D:7)
  2 hound skeletons
  16 mummies
  A howler monkey zombie (Crypt:3)
  2 worker ant zombies (D:7)
  9 gnolls
  6 scorpion zombies (Ossuary)
  11 adders
  A shadow imp (D:15)
  A white imp (Depths:2)
  An ooze (D:3)
  A worm zombie (Crypt:2)
  An adder zombie (D:10)
  An adder skeleton (D:4)
  A lava snake zombie (Crypt:2)
  2 worms
  2 dart slugs
  9 leopard geckos
  119 orcs
  8 bats
  7 giant cockroaches
  A gnoll zombie (Ossuary)
  5 hobgoblins
  11 jackals
  9 kobolds
  5 quokkas
  5 ball pythons
  A ball python zombie (Crypt:2)
  6 frilled lizards
  6 goblins
  A goblin zombie (Ossuary)
  3 hobgoblin zombies (Ossuary)
  2 kobold zombies (Ossuary)
  A leopard gecko skeleton (D:5)
  A leopard gecko zombie (D:7)
  An orc zombie (Ossuary)
  12 rats
  3 fungi
  3 plants
2416 creatures vanquished.

Vanquished Creatures (others)
  A lich (Depths:1)
  A draconian knight (Zot:4)
  An ironheart preserver (Vaults:5)
  A fire dragon (Depths:4)
  A two-headed ogre (Volcano)
  A naga sharpshooter (Snake:4)
  A bog body (Crypt:3)
  3 swamp drakes (Swamp:4)
  A boggart (Depths:1)
  2 scorpions (Ossuary)
  12 fungi
  47 plants
  3 withered plants (D:9)
75 creatures vanquished.

Grand Total: 2491 creatures vanquished

Notes
Turn   | Place    | Note
-------+----------+-------------------------------------------
     0 | D:1      | Gorice the Minotaur Fighter began the quest for the Orb.
     0 | D:1      | Reached XP level 1. HP: 19/19 MP: 0/0
    68 | D:1      | Reached skill level 3 in Long Blades
    74 | D:1      | Reached XP level 2. HP: 14/26 MP: 1/1
   350 | D:1      | Reached skill level 4 in Armour
   743 | D:2      | Reached XP level 3. HP: 31/31 MP: 2/2
   803 | D:2      | Reached skill level 4 in Long Blades
  1065 | D:2      | Noticed Sigmund
  1619 | D:2      | Reached XP level 4. HP: 37/39 MP: 3/3
  2136 | D:3      | Found an ancient bone altar of Kikubaaqudgha.
  2177 | D:3      | Reached skill level 5 in Long Blades
  2300 | D:3      | Noticed Ijyb
  2311 | D:3      | Killed Ijyb
  2424 | D:3      | Reached XP level 5. HP: 45/45 MP: 4/4
  2581 | D:4      | Reached skill level 5 in Armour
  2601 | D:4      | HP: 13/45 [poisoned by a worker ant]
  2606 | D:4      | HP: 11/45 [poisoned by a worker ant]
  2612 | D:4      | HP: 10/45 [poisoned by a worker ant]
  2620 | D:4      | HP: 9/45 [poisoned by a worker ant]
  2886 | D:4      | Found Roguv's Weapon Shoppe.
  2894 | D:4      | Reached skill level 6 in Long Blades
  2924 | D:4      | HP: 13/45 [gnoll/+0 spear (2)]
  3203 | D:4      | Reached XP level 6. HP: 51/51 MP: 5/5
  3578 | D:4      | Reached skill level 7 in Long Blades
  3763 | D:5      | Entered Level 5 of the Dungeon
  3836 | D:5      | Found a glowing silver altar of Zin.
  3856 | D:5      | Noticed Prince Ribbit
  3890 | D:4      | Reached skill level 6 in Armour
  4067 | D:5      | Found a sand-covered staircase.
  4074 | D:5      | HP: 12/51 [Prince Ribbit (14)]
  4076 | Ossuary  | Entered an ossuary
  4315 | Ossuary  | Reached XP level 7. HP: 57/57 MP: 6/6
  4350 | Ossuary  | Reached skill level 8 in Long Blades
  4363 | Ossuary  | HP: 16/57 [scorpion zombie (6)]
  4368 | Ossuary  | HP: 15/57 [poisoned by a scorpion]
  4847 | Ossuary  | Reached skill level 7 in Armour
  4915 | Ossuary  | Reached skill level 9 in Long Blades
  5136 | Ossuary  | Reached XP level 8. HP: 62/64 MP: 7/7
  5337 | D:5      | Killed Prince Ribbit
  5337 | D:5      | Reached skill level 10 in Long Blades
  5813 | D:5      | Reached skill level 8 in Armour
  6171 | D:6      | Found a staircase to the Ecumenical Temple.
  6180 | Temple   | Entered the Ecumenical Temple
  6331 | Temple   | Became a worshipper of Warmaster Okawaru
  6408 | D:6      | Reached skill level 11 in Long Blades
  6438 | D:6      | Found a sacrificial altar of Ru.
  6438 | D:6      | Found a shadowy altar of Dithmenos.
  6877 | D:7      | Noticed a hippogriff
  6890 | D:7      | Killed a hippogriff
  6901 | D:7      | Reached XP level 9. HP: 61/68 MP: 8/8
  6909 | D:7      | Reached skill level 9 in Armour
  7051 | D:7      | Reached * piety under Okawaru
  7074 | D:7      | Reached skill level 12 in Long Blades
  7607 | D:7      | Reached ** piety under Okawaru
  7614 | D:7      | Reached skill level 10 in Armour
  7619 | D:7      | Reached skill level 13 in Long Blades
  8068 | D:8      | Reached skill level 1 in Invocations
  8109 | D:8      | Reached XP level 10. HP: 37/77 MP: 6/10
  8607 | D:8      | Reached skill level 2 in Invocations
  8676 | D:8      | Reached *** piety under Okawaru
  8743 | D:8      | Found a radiant altar of Vehumet.
  9011 | D:9      | Noticed a green ugly thing
  9025 | D:9      | Killed a green ugly thing
  9025 | D:9      | Reached skill level 14 in Long Blades
  9072 | D:9      | Reached skill level 11 in Armour
  9336 | D:9      | Reached skill level 4 in Fighting
  9393 | D:9      | Reached skill level 10 in Fighting
  9393 | D:9      | Reached skill level 12 in Armour
  9393 | D:9      | Reached XP level 11. HP: 99/99 MP: 11/11
  9459 | D:9      | Noticed a two-headed ogre
 10143 | D:9      | Found a runed translucent gate.
 10144 | D:9      | Found a runed translucent gate.
 10144 | D:9      | Found a runed translucent gate.
 10145 | D:9      | Noticed DevastatorOne's ghost (journeyman TrFi)
 10146 | D:9      | Noticed Doalen's ghost (novice HOFi)
 10146 | D:9      | Noticed Tuyrink's ghost (journeyman OpWn)
 10185 | D:9      | Killed a two-headed ogre
 10185 | D:9      | Reached **** piety under Okawaru
 10185 | D:9      | Reached skill level 13 in Armour
 10292 | D:9      | Reached skill level 11 in Fighting
 10339 | D:10     | Entered Level 10 of the Dungeon
 10477 | D:10     | Noticed an unseen horror
 10480 | D:10     | Killed an unseen horror
 11091 | D:11     | Reached ***** piety under Okawaru
 11107 | D:11     | Found Leson's Weapon Shop.
 11135 | D:11     | Noticed a red ugly thing
 11142 | D:11     | HP: 24/104 [red ugly thing (11)]
 11156 | D:11     | Killed a red ugly thing
 11156 | D:11     | Reached skill level 12 in Fighting
 11577 | D:11     | Noticed an unseen horror
 11591 | D:11     | Killed an unseen horror
 11591 | D:11     | Reached XP level 12. HP: 113/113 MP: 12/12
 11783 | D:11     | Found Tusk's Magic Scroll Shoppe.
 11787 | D:11     | Received a gift from Okawaru
 11801 | D:11     | Bought a scroll of blinking for 105 gold pieces
 11801 | D:11     | Bought a scroll of blinking for 105 gold pieces
 11818 | D:11     | Found a runed translucent gate.
 11818 | D:11     | Found a runed translucent gate.
 11818 | D:11     | Found a runed translucent gate.
 11819 | D:11     | Noticed an 11-headed hydra
 11820 | D:11     | Noticed p0werm0de's ghost (novice OpWn)
 11820 | D:11     | Noticed a nine-headed hydra
 11821 | D:11     | Found Uvoerres's Weapon Boutique.
 11849 | D:11     | Found Futtidd's Armour Shoppe.
 11857 | D:11     | Bought a +1 pair of gloves for 172 gold pieces
 12059 | D:11     | Found a staircase to the Lair.
 12364 | D:11     | Reached skill level 8 in Invocations
 12364 | D:11     | Reached XP level 13. HP: 119/119 MP: 12/18
 12482 | Lair:1   | Entered Level 1 of the Lair of Beasts
 12580 | Lair:1   | Reached skill level 13 in Fighting
 13405 | D:12     | Found a staircase to the Orcish Mines.
 13415 | D:12     | Reached skill level 14 in Armour
 13668 | D:11     | Received a gift from Okawaru
 13669 | D:11     | Got a scorched triple sword {god gift}
 13944 | D:11     | Identified the +6 triple sword of Resourcefulness {slice,
                  | rPois rC++ Str-5 Int+6} (Okawaru gifted it to you on level
                  | 11 of the Dungeon)
 14010 | D:11     | HP: 35/123 [phantasmal warrior[a death knight] (19)]
 14016 | D:11     | HP: 29/123 [freezing wraith[a death knight] (6)]
 14480 | D:12     | Reached skill level 14 in Fighting
 14989 | Orc:1    | Entered Level 1 of the Orcish Mines
 15611 | Lair:1   | Noticed feelmyfire's ghost (journeyman NaTm)
 15736 | Lair:1   | Found a runed translucent gate.
 15737 | Lair:1   | Found a runed translucent gate.
 15738 | Lair:1   | Found a runed translucent gate.
 16438 | Lair:2   | Reached skill level 15 in Armour
 16775 | Lair:2   | Received a gift from Okawaru
 16916 | Lair:2   | Found a staircase to the Swamp.
 17432 | Lair:3   | Reached skill level 15 in Fighting
 18312 | Lair:4   | Found a staircase to the Snake Pit.
 18320 | Lair:4   | Found a dark tunnel.
 18357 | Lair:4   | Noticed Snorg
 18368 | Lair:4   | Killed Snorg
 18379 | Volcano  | Entered a volcano
 18426 | Volcano  | Reached XP level 14. HP: 100/135 MP: 19/19
 19166 | Lair:4   | Reached ****** piety under Okawaru
 19166 | Lair:4   | Reached skill level 16 in Armour
 19253 | Lair:4   | Noticed Nessos
 19269 | Lair:4   | Killed Nessos
 19272 | Lair:4   | Reached skill level 16 in Fighting
 20118 | Lair:4   | Received a gift from Okawaru
 20128 | Lair:4   | Reached skill level 1 in Evocations
 20447 | Lair:5   | Found a viscous altar of Jiyva.
 20448 | Lair:5   | Found a staircase to the Slime Pits.
 20477 | Lair:5   | Reached skill level 2 in Evocations
 20802 | Lair:5   | Found a blossoming altar of Fedhas.
 21604 | Lair:6   | Entered Level 6 of the Lair of Beasts
 21643 | Lair:5   | Reached skill level 3 in Evocations
 22043 | Lair:5   | Received a gift from Okawaru
 22044 | Lair:5   | Got a faintly humming crystal plate armour {god gift}
 22055 | Lair:5   | Identified the +11 crystal plate armour of the World
                  | {Regen+ Int+3} (Okawaru gifted it to you on level 5 of the
                  | Lair of Beasts)
 22055 | Lair:5   | --woah - thanks Oka!
 22088 | Lair:5   | Reached skill level 4 in Evocations
 22115 | Lair:6   | Reached skill level 15 in Long Blades
 22311 | Lair:6   | Reached skill level 5 in Evocations
 22621 | Lair:6   | Reached skill level 6 in Evocations
 22757 | Lair:6   | Reached skill level 16 in Long Blades
 23199 | Lair:6   | Found a burning altar of Makhleb.
 23409 | Lair:6   | Reached XP level 15. HP: 143/144 MP: 20/20
 23416 | Lair:6   | Reached skill level 7 in Evocations
 23429 | Lair:6   | Found a gateway to Hell.
 24098 | Lair:1   | Killed feelmyfire's ghost
 24453 | Orc:2    | Entered Level 2 of the Orcish Mines
 24469 | Orc:1    | Paralysed by an orc sorcerer for 3 turns
 24774 | Orc:2    | Found a staircase to the Elven Halls.
 24954 | Orc:1    | Noticed Maurice
 24963 | Orc:2    | Killed Maurice
 25073 | Orc:2    | Received a gift from Okawaru
 25075 | Orc:2    | Got a crude crystal plate armour {god gift}
 25098 | Orc:2    | Identified the +10 crystal plate armour of Jeawivi {rElec
                  | rF- rC+ Stlth+} (Okawaru gifted it to you on level 2 of the
                  | Orcish Mines)
 25098 | Orc:2    | --heh, just not quite so good!
 25694 | Orc:2    | Reached skill level 8 in Evocations
 25753 | Orc:2    | Paralysed by an orc sorcerer for 5 turns
 25757 | Orc:2    | HP: 41/144 [orc sorcerer/bolt of negative energy (15)]
 25768 | Orc:2    | HP: 39/144 [orc knight/+2 war axe (4)]
 26002 | Orc:2    | Reached skill level 17 in Long Blades
 26208 | Orc:2    | Noticed an orc warlord
 26266 | Orc:1    | Killed an orc warlord
 26709 | Orc:2    | Found Ufritopa's General Store.
 26710 | Orc:2    | Found Cyucude's Jewellery Boutique.
 26714 | Orc:2    | Found Zuaz's Antique Armour Shop.
 26714 | Orc:2    | Found Jepecwea's Antique Weapon Shop.
 26752 | Orc:2    | Bought a pair of glowing boots for 247 gold pieces
 26758 | Orc:2    | Identified a +2 pair of boots of running (You bought it in
                  | a shop on level 2 of the Orcish Mines)
 26758 | Orc:2    | --Oh yes!
 26766 | Orc:2    | Bought an uncursed ring of poison resistance for 280 gold
                  | pieces
 27018 | D:11     | Killed p0werm0de's ghost
 27042 | D:11     | Got an ancient broad axe
 27156 | Swamp:1  | Entered Level 1 of the Swamp
 27325 | D:13     | Noticed Erolcha
 27332 | D:13     | Killed Erolcha
 27361 | D:13     | Found Uweofi's Book Shoppe.
 27426 | D:13     | Noticed Sonja
 27430 | D:13     | Killed Sonja
 27794 | D:13     | Reached skill level 18 in Long Blades
 27808 | D:13     | Found a gate to the Vaults.
 28031 | D:13     | Received a gift from Okawaru
 28547 | D:14     | --Damn, already got +11 CP and now find pearl dragon
                  | scales!
 28591 | D:14     | Reached skill level 17 in Armour
 28763 | D:14     | Found Lastrilih's General Store.
 28766 | D:14     | Bought a scroll of identify for 26 gold pieces
 28766 | D:14     | Bought a potion of heal wounds for 65 gold pieces
 28766 | D:14     | Bought a potion of curing for 39 gold pieces
 28766 | D:14     | Bought a scroll of silence for 97 gold pieces
 29033 | D:15     | Entered Level 15 of the Dungeon
 29086 | D:15     | Reached XP level 16. HP: 150/151 MP: 21/21
 29184 | D:15     | Reached skill level 19 in Long Blades
 29226 | D:15     | Paralysed by an orc sorcerer for 3 turns
 29298 | D:15     | Found a staircase to the Depths.
 30585 | Lair:2   | Paralysed by a hornet for 1 turns
 30922 | Swamp:1  | Found a burning altar of Makhleb.
 30967 | Swamp:1  | Received a gift from Okawaru
 30967 | Swamp:1  | Reached skill level 20 in Long Blades
 31087 | Swamp:1  | Reached skill level 18 in Armour
 32150 | Swamp:2  | Reached skill level 19 in Armour
 32517 | Swamp:3  | Received a gift from Okawaru
 32699 | Swamp:3  | Noticed Roxanne
 32747 | Swamp:3  | Noticed a thorn hunter
 32768 | Swamp:3  | Killed a thorn hunter
 32979 | Swamp:3  | Reached XP level 17. HP: 159/160 MP: 22/22
 33548 | Swamp:3  | Killed Roxanne
 33772 | Snake:1  | Entered Level 1 of the Snake Pit
 33814 | Snake:1  | Noticed Agnes
 33827 | Snake:1  | Killed Agnes
 33827 | Snake:1  | Reached skill level 17 in Fighting
 34387 | Snake:1  | Noticed Kirke
 34399 | Snake:1  | Killed Kirke
 34399 | Snake:1  | Reached skill level 20 in Armour
 34510 | Snake:1  | Noticed Rupert
 34519 | Snake:1  | Reached skill level 1 in Dodging
 34530 | Snake:1  | Killed Rupert
 34530 | Snake:1  | Reached skill level 2 in Dodging
 34717 | Snake:1  | Received a gift from Okawaru
 34722 | Snake:1  | Reached skill level 3 in Dodging
 35414 | Snake:2  | Reached skill level 4 in Dodging
 35557 | Snake:2  | Reached skill level 18 in Fighting
 35805 | Snake:2  | Reached skill level 5 in Dodging
 36383 | Snake:3  | Reached skill level 6 in Dodging
 36452 | Snake:3  | Noticed Asterion
 36462 | Snake:3  | Killed Asterion
 36530 | Snake:3  | Noticed Aizul
 36546 | Snake:3  | Killed Aizul
 36558 | Snake:3  | Reached skill level 7 in Dodging
 36571 | Snake:3  | Received a gift from Okawaru
 36581 | Snake:3  | Reached XP level 18. HP: 67/174 MP: 21/23
 36590 | Snake:3  | HP: 47/174 [nagaraja/poison arrow (9)]
 36603 | Snake:3  | Got a fine chain mail {god gift}
 36606 | Snake:3  | Identified the +4 chain mail of Surprise {rC+ rN+} (Okawaru
                  | gifted it to you on level 3 of the Snake Pit)
 36966 | Snake:3  | Reached skill level 8 in Dodging
 37020 | Snake:3  | Reached skill level 19 in Fighting
 37537 | Lair:1   | Identified the +6 broad axe of Dust {freeze, rPois Str-5
                  | Stlth+} (You found it on level 11 of the Dungeon)
 37669 | Swamp:4  | Entered Level 4 of the Swamp
 37788 | Swamp:4  | Reached skill level 9 in Dodging
 37868 | Swamp:4  | HP: 51/176 [fire dragon/blast of flame (39)]
 37873 | Swamp:4  | HP: 45/176 [five-headed hydra (3)]
 37878 | Swamp:4  | HP: 34/176 [poisoned by a swamp dragon (blast of poison)]
 37884 | Swamp:4  | HP: 36/176 [poisoned by a swamp dragon (blast of poison)]
 37890 | Swamp:4  | HP: 39/176 [poisoned by a swamp dragon (blast of poison)]
 37898 | Swamp:4  | HP: 44/176 [poisoned by a swamp dragon (blast of poison)]
 38510 | Swamp:4  | Got a decaying rune of Zot
 39126 | Snake:4  | Entered Level 4 of the Snake Pit
 39131 | Snake:4  | Reached skill level 10 in Dodging
 39171 | Snake:4  | Received a gift from Okawaru
 39172 | Snake:4  | Got an ichor-stained double sword {god gift}
 39173 | Snake:4  | Identified the +8 double sword of Accord {protect, rC+}
                  | (Okawaru gifted it to you on level 4 of the Snake Pit)
 39179 | Snake:4  | Found an opulent altar of Gozag.
 39673 | Snake:4  | Reached skill level 20 in Fighting
 39906 | Snake:4  | Found a runed translucent gate.
 39906 | Snake:4  | Found a runed translucent gate.
 39906 | Snake:4  | Found a runed translucent gate.
 39934 | Snake:4  | Reached skill level 11 in Dodging
 40200 | Snake:4  | Received a gift from Okawaru
 40627 | Snake:4  | Reached skill level 12 in Dodging
 40633 | Snake:4  | Reached XP level 19. HP: 124/185 MP: 23/24
 40780 | Snake:4  | Received a gift from Okawaru
 40916 | Snake:4  | Reached skill level 21 in Long Blades
 41209 | Snake:4  | Got a serpentine rune of Zot
 41711 | Orc:2    | Bought the amulet "Ovyikara" {+Rage Str+8 Dex-2} for 834
                  | gold pieces
 41969 | Vaults:1 | Entered Level 1 of the Vaults
 42150 | Vaults:1 | Received a gift from Okawaru
 42193 | Vaults:1 | Reached skill level 9 in Evocations
 42253 | Vaults:1 | Reached skill level 22 in Long Blades
 42559 | Vaults:1 | Found Zuaz's Armour Shop.
 42582 | Vaults:1 | Received a gift from Okawaru
 42601 | Vaults:1 | Got a shimmering double sword {god gift}
 42607 | Vaults:1 | Identified the +8 double sword of Dishonesty {flame, rPois
                  | rF- Dex+4 Stlth+} (Okawaru gifted it to you on level 1 of
                  | the Vaults)
 42686 | Vaults:1 | Reached skill level 10 in Evocations
 43372 | Vaults:1 | Received a gift from Okawaru
 43514 | Vaults:2 | Reached XP level 20. HP: 190/193 MP: 24/26
 43557 | Vaults:2 | HP: 50/193 [deep elf knight/stone arrow[an ironheart
                  | preserver] (16)]
 43988 | Vaults:2 | Reached skill level 11 in Evocations
 44138 | Vaults:2 | Reached skill level 23 in Long Blades
 44613 | Vaults:2 | Found a staircase to the Crypt.
 44613 | Vaults:2 | Found a basalt altar of Yredelemnul.
 44614 | Vaults:2 | Found an ancient bone altar of Kikubaaqudgha.
 44819 | Vaults:2 | Identified a scroll of acquirement
 46048 | Vaults:3 | Received a gift from Okawaru
 46048 | Vaults:3 | Reached skill level 12 in Evocations
 46524 | Vaults:3 | Reached skill level 24 in Long Blades
 46569 | Vaults:3 | Identified the cursed +1 plate armour of Agoraphobia
                  | {Dex+5} (You found it on level 3 of the Vaults)
 46882 | Vaults:4 | Reached skill level 9 in Invocations
 47168 | Vaults:4 | Noticed Frederick
 47175 | Vaults:4 | Killed Frederick
 47175 | Vaults:4 | Reached skill level 10 in Invocations
 47200 | Vaults:4 | Reached XP level 21. HP: 183/201 MP: 24/29
 47282 | Vaults:4 | Noticed Saint Roka
 47298 | Vaults:4 | Killed Saint Roka
 47456 | Vaults:4 | Received a gift from Okawaru
 47476 | Vaults:4 | Identified the +5 plate armour of Qorchuafe {MR+++ Str+6}
                  | (You found it on level 4 of the Vaults)
 47717 | Vaults:4 | Reached skill level 21 in Armour
 48337 | Crypt:1  | Entered Level 1 of the Crypt
 48505 | Crypt:1  | Reached skill level 11 in Invocations
 48819 | Crypt:1  | HP: 55/201 [deep elf death mage/bolt of negative energy
                  | (15)]
 48821 | Crypt:1  | HP: 16/201 [deep elf death mage/bolt of negative energy
                  | (34)]
 49569 | Orc:2    | Bought an uncursed ring of positive energy for 280 gold
                  | pieces
 50160 | Crypt:1  | Reached skill level 12 in Invocations
 50169 | Crypt:1  | HP: 56/201 [skeletal warrior/+0 great mace (12)]
 50368 | Crypt:1  | Paralysed by a lich for 7 turns
 50389 | Crypt:1  | Received a gift from Okawaru
 50392 | Crypt:1  | HP: 55/201 [revenant (10)]
 50402 | Crypt:1  | HP: 54/201 [revenant (11)]
 50593 | Crypt:1  | Reached skill level 22 in Armour
 50694 | Crypt:1  | Reached skill level 1 in Throwing
 50739 | Crypt:1  | Identified the Volume of Evil Rituals
 51027 | Crypt:2  | Reached skill level 2 in Throwing
 51524 | Crypt:3  | Entered Level 3 of the Crypt
 51537 | Crypt:3  | Received a gift from Okawaru
 51537 | Crypt:3  | Reached skill level 3 in Throwing
 51560 | Crypt:3  | Noticed Margery
 51772 | Crypt:2  | Reached skill level 4 in Throwing
 51780 | Crypt:2  | Killed Margery
 51974 | Crypt:3  | Learned a level 1 spell: Summon Butterflies
 52096 | Crypt:3  | Reached skill level 5 in Throwing
 52189 | Crypt:3  | Found a staircase to the Tomb.
 52267 | Crypt:3  | Reached XP level 22. HP: 209/209 MP: 30/30
 52837 | Crypt:3  | HP: 60/204 [something (6)]
 52842 | Crypt:3  | HP: 52/204 [poisoned by an ushabti (dark miasma)]
 52843 | Crypt:3  | Reached skill level 6 in Throwing
 52847 | Crypt:3  | HP: 37/204 [poisoned by an ushabti (dark miasma)]
 52852 | Crypt:3  | HP: 28/204 [poisoned by an ushabti (dark miasma)]
 52857 | Crypt:3  | HP: 26/204 [poisoned by an ushabti (dark miasma)]
 52862 | Crypt:3  | HP: 27/204 [poisoned by an ushabti (dark miasma)]
 52869 | Crypt:3  | HP: 30/204 [poisoned by an ushabti (dark miasma)]
 52875 | Crypt:2  | HP: 32/204 [poisoned by an ushabti (dark miasma)]
 52883 | Crypt:2  | HP: 37/204 [poisoned by an ushabti (dark miasma)]
 53486 | Crypt:3  | Found the +8 demon blade "Bloodbane" {slice, *Rage +Rage
                  | Stlth-}
 53575 | Crypt:3  | Reached skill level 21 in Fighting
 53820 | Crypt:3  | Noticed a greater mummy
 53822 | Crypt:3  | Identified the +6 morningstar of Descent {pain, +Rage rElec
                  | Str-5}
 54009 | Crypt:3  | Identified Advanced Magic
 54062 | Crypt:3  | Got a translucent platinum ring
 54062 | Crypt:3  | Got a steaming crystal amulet
 54062 | Crypt:3  | Got a scintillating copper ring
 54083 | Crypt:3  | Identified the amulet of Moderation {MR++ Regen+} (You
                  | found it on level 3 of the Crypt)
 54086 | Crypt:3  | Identified the ring of Agnosticism {rElec rPois rN+ Int+9
                  | Dex-2} (You found it on level 3 of the Crypt)
 54087 | Crypt:3  | Identified the ring "Ufrobyud" {*Drain +Blink rN+ Dex+4}
                  | (You found it on level 3 of the Crypt)
 54181 | Crypt:3  | Killed a greater mummy
 54181 | Crypt:3  | Reached skill level 7 in Throwing
 54442 | Lair:1   | Learned a level 2 spell: Blink
 54445 | Lair:1   | Learned a level 2 spell: Swiftness
 54449 | Lair:1   | Learned a level 3 spell: Portal Projectile
 54453 | Lair:1   | Learned a level 3 spell: Regeneration
 54544 | Depths:1 | Entered Level 1 of the Depths
 54566 | D:15     | Received a gift from Okawaru
 54769 | Depths:1 | Reached skill level 8 in Throwing
 55490 | Depths:1 | Reached skill level 9 in Throwing
 55846 | Depths:1 | Received a gift from Okawaru
 56128 | Depths:2 | Reached skill level 22 in Fighting
 56147 | Depths:2 | You fall through a shaft for 2 floors!
 56162 | Depths:4 | Reached skill level 10 in Throwing
 56285 | Depths:4 | Reached skill level 1 in Translocations
 56313 | Depths:3 | Found a one-way gate leading to the halls of Pandemonium.
 56363 | Depths:3 | Received a gift from Okawaru
 56363 | Depths:3 | Reached skill level 2 in Translocations
 56741 | Depths:2 | Reached skill level 3 in Translocations
 56769 | Depths:2 | You fall through a shaft!
 56769 | Depths:3 | Found Vebia's Gadget Shop.
 56771 | Depths:3 | Noticed a juggernaut
 56791 | Depths:3 | Killed a juggernaut
 56791 | Depths:3 | Received a gift from Okawaru
 56793 | Depths:3 | Reached skill level 13 in Dodging
 56811 | Depths:3 | Reached XP level 23. HP: 161/219 MP: 16/31
 56815 | Depths:3 | Received a gift from Okawaru
 56816 | Depths:3 | Got a slimy triple sword {god gift}
 56835 | Depths:3 | Identified the +1 triple sword of Popular Demand {slice,
                  | Str+2} (Okawaru gifted it to you on level 3 of the Depths)
 56878 | Depths:3 | Noticed a juggernaut
 56909 | Depths:3 | Killed a juggernaut
 56909 | Depths:3 | Reached skill level 4 in Translocations
 57196 | Depths:3 | Noticed a caustic shrike
 57208 | Depths:3 | Noticed a juggernaut
 57216 | Depths:3 | Killed a caustic shrike
 57216 | Depths:3 | Reached skill level 5 in Translocations
 57231 | Depths:3 | Killed a juggernaut
 57247 | Depths:3 | Received a gift from Okawaru
 57247 | Depths:3 | Reached skill level 14 in Dodging
 57269 | Depths:3 | Noticed Sojobo
 57271 | Depths:3 | Received a gift from Okawaru
 57308 | Depths:3 | Killed Sojobo
 57308 | Depths:3 | Reached skill level 6 in Translocations
 57815 | Depths:2 | Received a gift from Okawaru
 58169 | Depths:2 | Reached skill level 15 in Dodging
 58169 | Depths:2 | Reached skill level 7 in Translocations
 58183 | Depths:2 | Received a gift from Okawaru
 58252 | Depths:2 | Received a gift from Okawaru
 58503 | Depths:2 | Found a runed translucent door.
 58556 | Depths:2 | Found a runed translucent door.
 58568 | Depths:2 | Received a gift from Okawaru
 59023 | Depths:4 | Reached skill level 8 in Translocations
 59290 | Depths:4 | Reached skill level 16 in Dodging
 59438 | Depths:4 | Found a one-way gate to the infinite horrors of the Abyss.
 59567 | Depths:4 | Reached skill level 1 in Spellcasting
 59592 | Depths:4 | Found a basalt altar of Yredelemnul.
 59620 | Depths:4 | Reached XP level 24. HP: 212/227 MP: 28/31
 59645 | Depths:4 | Reached skill level 2 in Spellcasting
 59862 | Depths:4 | Received a gift from Okawaru
 59862 | Depths:4 | Reached skill level 9 in Translocations
 60003 | Depths:4 | Found Anaumur's Gadget Emporium.
 60006 | Depths:4 | Found Etinee's Jewellery Shop.
 60007 | Depths:4 | Found Poguse's Gadget Emporium.
 60020 | Depths:4 | Bought a box of beasts for 240 gold pieces
 60020 | Depths:4 | Bought a box of beasts for 240 gold pieces
 60227 | Depths:4 | Reached skill level 3 in Spellcasting
 60461 | Depths:4 | Reached skill level 4 in Spellcasting
 60554 | Depths:4 | Noticed a juggernaut
 60573 | Depths:4 | Killed a juggernaut
 60574 | Depths:4 | HP: 63/227 [ettin/+0 dire flail (16)]
 60579 | Depths:4 | HP: 42/227 [ettin/+0 dire flail (17)]
 60584 | Depths:4 | HP: 31/227 [storm dragon (12)]
 60785 | Depths:4 | Found a gateway to a ziggurat.
 60911 | Depths:4 | Noticed a juggernaut
 60936 | Depths:4 | Reached skill level 10 in Translocations
 60944 | Depths:4 | Killed a juggernaut
 60944 | Depths:4 | Reached skill level 5 in Spellcasting
 61047 | Depths:4 | Reached skill level 1 in Hexes
 61047 | Depths:4 | Reached skill level 1 in Summonings
 61066 | Depths:4 | Noticed a juggernaut
 61086 | Depths:4 | Killed a juggernaut
 61105 | Depths:4 | Received a gift from Okawaru
 61109 | Depths:4 | Reached skill level 2 in Summonings
 61214 | Depths:4 | Got a pitted platinum ring
 61216 | Depths:4 | Identified the ring "Zollya" {*Tele +Inv} (You found it on
                  | level 4 of the Depths)
 61223 | Depths:4 | Found the +18 shield of the Gong {rElec rN+ MR+ EV-5}
 61454 | Depths:5 | Entered Level 5 of the Depths
 61492 | Depths:5 | Reached skill level 2 in Hexes
 61522 | Depths:5 | Received a gift from Okawaru
 61617 | Depths:5 | Found a gate to the Realm of Zot.
 61644 | Depths:5 | Reached skill level 3 in Summonings
 61787 | Depths:5 | Reached skill level 6 in Spellcasting
 61802 | Depths:5 | Reached skill level 3 in Hexes
 62283 | Depths:5 | Found a portal to a secret trove of treasure.
 62295 | Depths:5 | Received a gift from Okawaru
 62309 | Depths:5 | Reached skill level 4 in Summonings
 62314 | Depths:5 | Reached XP level 25. HP: 225/238 MP: 30/31
 62723 | Depths:5 | Reached skill level 4 in Hexes
 62850 | D:15     | Got a pair of transparent gloves
 62851 | D:15     | Identified the +2 pair of gloves of Ytehible {rElec Dex+4}
                  | (You acquired it on level 15 of the Dungeon)
 63166 | Vaults:5 | Entered Level 5 of the Vaults
 63186 | Vaults:4 | Reached skill level 11 in Translocations
 63332 | Vaults:4 | Reached skill level 5 in Summonings
 63355 | Vaults:4 | Reached skill level 7 in Spellcasting
 63518 | Vaults:4 | Received a gift from Okawaru
 63519 | Vaults:4 | Got an encrusted cloak {god gift}
 63520 | Vaults:4 | Identified the +2 cloak "Ivisalousku" {Stlth+} (Okawaru
                  | gifted it to you on level 4 of the Vaults)
 63721 | Vaults:5 | Reached skill level 5 in Hexes
 63889 | Vaults:5 | Reached skill level 6 in Summonings
 64039 | Vaults:5 | Got a silver rune of Zot
 64050 | Vaults:5 | Identified the Volume of Helpful Combat Magic
 64341 | Vaults:5 | Identified the cursed +0 robe of Loicemn {MR+}
 64366 | Vaults:5 | Reached skill level 8 in Spellcasting
 64377 | Vaults:5 | Reached skill level 6 in Hexes
 64398 | Vaults:5 | Identified the +5 shield "Xucuuf" {rF+}
 64624 | Vaults:5 | Noticed an ancient lich
 64633 | Vaults:5 | Killed an ancient lich
 64633 | Vaults:5 | Received a gift from Okawaru
 64633 | Vaults:5 | Reached skill level 7 in Summonings
 64633 | Vaults:5 | Reached skill level 1 in Necromancy
 64653 | Vaults:5 | Reached skill level 1 in Air Magic
 64659 | Vaults:5 | Reached skill level 1 in Charms
 65103 | Vaults:5 | Reached skill level 2 in Necromancy
 65103 | Vaults:5 | Reached skill level 2 in Air Magic
 65179 | Vaults:5 | Reached skill level 2 in Charms
 65198 | Vaults:5 | Reached XP level 26. HP: 224/246 MP: 31/34
 65198 | Vaults:5 | Identified the ring of Ceamm {+Fly rF+ MR+ Str-2 Slay+2}
 65551 | Vaults:5 | Reached skill level 3 in Necromancy
 65614 | Vaults:5 | Noticed an ancient lich
 65618 | Vaults:5 | Identified the +10 scimitar of the Sage {freeze, +Rage}
 65621 | Vaults:5 | Killed an ancient lich
 65621 | Vaults:5 | Received a gift from Okawaru
 65621 | Vaults:5 | Reached skill level 7 in Hexes
 65621 | Vaults:5 | Reached skill level 3 in Air Magic
 65628 | Vaults:5 | Found Qiymuc's Book Shop.
 65629 | Vaults:5 | Found the +8 arc blade {discharge, rElec}
 65669 | Vaults:5 | Identified the Guide on the Noxious Arsonist
 66198 | Zot:1    | Entered Level 1 of the Realm of Zot
 66296 | Zot:1    | Reached skill level 3 in Charms
 66574 | Zot:2    | Reached skill level 9 in Spellcasting
 66650 | Zot:2    | Noticed an orb of fire
 66675 | Zot:2    | Gained mutation: You are weak. (Str -2) [an orb of fire]
 66686 | Zot:2    | Killed an orb of fire
 66686 | Zot:2    | Reached skill level 8 in Summonings
 66695 | Zot:2    | Reached skill level 4 in Necromancy
 66749 | Zot:2    | Reached skill level 4 in Air Magic
 66931 | Zot:2    | Got a pitted zirconium amulet
 66957 | Zot:2    | Got a wavering ruby amulet
 66963 | Zot:2    | Identified the amulet of Fomeba {Inacc rPois Str+4} (You
                  | found it on level 2 of the Realm of Zot)
 66964 | Zot:2    | Identified the amulet of Sellec {Faith -Tele rN+ Str+4}
                  | (You found it on level 2 of the Realm of Zot)
 67014 | Zot:2    | Identified the Collected Works on the Unholy Mountains
 67385 | Zot:3    | Reached skill level 4 in Charms
 67517 | Zot:4    | Received a gift from Okawaru
 67902 | Zot:5    | Entered Level 5 of the Realm of Zot
 68177 | Zot:5    | Reached skill level 5 in Necromancy
 68375 | Zot:5    | Reached skill level 5 in Air Magic
 68551 | Zot:5    | Noticed an orb of fire
 68558 | Zot:5    | Noticed an ancient lich
 68561 | Zot:5    | Noticed an orb of fire
 68567 | Zot:5    | Noticed an ancient lich
 68571 | Zot:5    | Killed an orb of fire
 68571 | Zot:5    | Reached skill level 8 in Hexes
 68571 | Zot:5    | Reached XP level 27. HP: 218/254 MP: 25/35
 68579 | Zot:5    | Noticed an orb of fire
 68583 | Zot:5    | Killed an ancient lich
 68585 | Zot:5    | Noticed an orb of fire
 68590 | Zot:5    | Gained mutation: Your body sometimes deteriorates upon
                  | taking damage. [an orb of fire]
 68592 | Zot:5    | Killed an orb of fire
 68592 | Zot:5    | Reached skill level 5 in Charms
 68593 | Zot:5    | Noticed an orb of fire
 68596 | Zot:5    | Noticed an orb of fire
 68598 | Zot:5    | Killed an ancient lich
 68598 | Zot:5    | Received a gift from Okawaru
 68598 | Zot:5    | Reached skill level 9 in Summonings
 68605 | Zot:5    | Gained mutation: Armour fits poorly on your strangely
                  | shaped body. [an orb of fire]
 68607 | Zot:5    | Killed an orb of fire
 68608 | Zot:5    | Noticed an orb of fire
 68621 | Zot:5    | Killed an orb of fire
 68621 | Zot:5    | Reached skill level 17 in Dodging
 68630 | Zot:5    | HP: 59/254 [orb of fire/fireball (20)]
 68631 | Zot:5    | Noticed an ancient lich
 68631 | Zot:5    | Gained mutation: You are clumsy. (Dex -2) [an orb of fire]
 68632 | Zot:5    | Noticed an orb of fire
 68638 | Zot:5    | Noticed an orb of fire
 68643 | Zot:5    | HP: 65/254 [orb of fire/bolt of fire (24)]
 68644 | Zot:5    | Killed an orb of fire
 68831 | Zot:4    | Lost mutation: Your body sometimes deteriorates upon taking
                  | damage. [potion of mutation]
 68831 | Zot:4    | Lost mutation: You are clumsy. (Dex -2) [potion of
                  | mutation]
 68831 | Zot:4    | Lost mutation: Armour fits poorly on your strangely shaped
                  | body. [potion of mutation]
 68831 | Zot:4    | Lost mutation: You are weak. (Str -2) [potion of mutation]
 68831 | Zot:4    | Gained mutation: You have large cloven feet. [potion of
                  | mutation]
 68831 | Zot:4    | Gained mutation: Your spells are a little harder to cast,
                  | but a little more powerful. [potion of mutation]
 68831 | Zot:4    | Gained mutation: You have a pair of large horns on your
                  | head. [potion of mutation]
 68962 | Zot:5    | Reached skill level 6 in Necromancy
 68982 | Zot:5    | Killed an orb of fire
 68982 | Zot:5    | Received a gift from Okawaru
 68982 | Zot:5    | Reached skill level 6 in Air Magic
 69023 | Zot:5    | Killed an orb of fire
 69023 | Zot:5    | Reached skill level 10 in Spellcasting
 69031 | Zot:5    | Killed an ancient lich
 69039 | Zot:5    | Gained mutation: Your magical capacity is low. (-10% MP)
                  | [an orb of fire]
 69053 | Zot:5    | Killed an orb of fire
 69238 | Zot:5    | Noticed an ancient lich
 69259 | Zot:5    | Killed an ancient lich
 69259 | Zot:5    | Reached skill level 6 in Charms
 69279 | Zot:5    | Lost mutation: Your spells are a little harder to cast, but
                  | a little more powerful. [potion of mutation]
 69279 | Zot:5    | Lost mutation: You have large cloven feet. [potion of
                  | mutation]
 69279 | Zot:5    | Lost mutation: Your magical capacity is low. (-10% MP)
                  | [potion of mutation]
 69279 | Zot:5    | Gained mutation: You have large cloven feet. [potion of
                  | mutation]
 69279 | Zot:5    | Gained mutation: You tend to lose your temper in combat.
                  | [potion of mutation]
 69279 | Zot:5    | Gained mutation: You are agile. (Dex +2) [potion of
                  | mutation]
 69280 | Zot:5    | Lost mutation: You have a pair of large horns on your head.
                  | [potion of mutation]
 69280 | Zot:5    | Lost mutation: You are agile. (Dex +2) [potion of mutation]
 69280 | Zot:5    | Lost mutation: You have large cloven feet. [potion of
                  | mutation]
 69280 | Zot:5    | Gained mutation: You are robust. (+10% HP) [potion of
                  | mutation]
 69280 | Zot:5    | Gained mutation: You are dopey. (Int -2) [potion of
                  | mutation]
 69280 | Zot:5    | Gained mutation: You are somewhat resistant to further
                  | mutation. [potion of mutation]
 69558 | Zot:5    | Received a gift from Okawaru
 69634 | Zot:5    | Reached skill level 9 in Hexes
 69919 | Zot:5    | Reached skill level 7 in Necromancy
 70005 | Zot:5    | Lost mutation: You are robust. (+10% HP) [a neqoxec]
 70110 | Zot:5    | Received a gift from Okawaru
 70148 | Zot:5    | Reached skill level 7 in Air Magic
 70299 | Zot:5    | Received a gift from Okawaru
 70299 | Zot:5    | Reached skill level 10 in Summonings
 70374 | Zot:5    | Got the Orb of Zot
 70453 | Zot:5    | HP: 56/254 [??? (34)]
 70483 | Zot:5    | Noticed an ancient lich
 70494 | Zot:5    | HP: 41/254 [ancient lich/crystal spear (48)]
 70495 | Zot:5    | Killed from afar by an ancient lich

Skill      XL: |  1  2  3  4  5  6  7  8  9 10 11 12 13 14 15 16 17 18 19 20 21 22 23 24 25 26 27 |
---------------+----------------------------------------------------------------------------------+-----
Long Blades    | 3 4 5 6 7 9 11 13 14 16 18 20 22 24 | 24.0
Armour         | 4 5 6 7 8 10 12 13 15 16 17 19 20 22 | 22.0
Invocations    | 1 2 8 10 12 | 12.0
Fighting       | 10 12 15 16 18 20 22 | 22.0
Evocations     | 6 8 10 12 | 12.0
Dodging        | 7 12 13 16 17 | 17.7
Throwing       | 5 10 | 10.0
Translocations | 3 8 10 11 | 11.0
Spellcasting   | 1 6 8 9 10 | 10.5
Hexes          | 3 6 8 9 |  9.2
Summonings     | 4 7 8 10 | 10.0
Necromancy     | 2 5 7 |  7.2
Air Magic      | 2 5 7 |  7.1
Charms         | 2 4 6 |  6.5
Shields        | |  3.6

Action                   |  1- 3 |  4- 6 |  7- 9 | 10-12 | 13-15 | 16-18 | 19-21 | 22-24 | 25-27 || total
-------------------------+-------+-------+-------+-------+-------+-------+-------+-------+-------++-------
Melee: Long sword        |    91 |   174 |   262 |       |       |       |       |       |       ||   527
       Headbutt          |     9 |    30 |    75 |    61 |   359 |   379 |   410 |   462 |   490 ||  2275
       Scimitar          |       |       |   162 |   324 |   809 |    62 |       |       |       ||  1357
       Falchion          |       |       |       |       |    75 |       |       |       |       ||    75
       Punch             |       |       |       |       |     1 |       |       |       |       ||     1
       Great sword       |       |       |       |       |   685 |  1574 |   135 |       |       ||  2394
       Triple sword      |       |       |       |       |       |       |  1461 |  1774 |  1665 ||  4900
Throw: Javelin           |       |       |     1 |       |       |       |       |     2 |    22 ||    25
       Stone             |       |       |     1 |       |       |       |       |       |       ||     1
       Tomahawk          |       |       |    11 |     8 |    17 |     4 |     1 |       |       ||    41
       Throwing net      |       |       |       |       |     1 |       |       |       |       ||     1
 Cast: Blink             |       |       |       |       |       |       |       |       |     4 ||     4
       Regeneration      |       |       |       |       |       |       |       |       |     2 ||     2
Invok: Heroism           |       |       |     1 |     2 |     5 |     8 |     7 |     8 |     4 ||    35
       Finesse           |       |       |       |       |       |     2 |     3 |     4 |     4 ||    13
Evoke: Wand              |       |       |       |     1 |     7 |     4 |       |     1 |       ||    13
       Lightning rod     |       |       |       |       |     2 |       |       |       |       ||     2
  Use: Scroll            |     3 |     6 |    12 |     6 |    10 |     5 |    10 |     8 |    20 ||    80
       Potion            |       |       |     3 |     2 |     2 |     2 |       |     2 |    10 ||    21
 Stab: Paralysed         |       |       |       |     1 |     8 |       |       |       |       ||     9
       Held in net/web   |       |       |       |       |     1 |       |       |       |       ||     1
       Distracted        |       |       |       |       |       |     1 |       |     1 |       ||     2
       Confused          |       |       |       |       |       |     1 |       |       |       ||     1
  Eat: Chunk             |     2 |     8 |     9 |    14 |    49 |    31 |    22 |    27 |    24 ||   186
       Ration            |       |     1 |     1 |       |     2 |     2 |     4 |     2 |     1 ||    13
Armor: Scale mail        |    35 |       |       |       |       |       |       |       |       ||    35
       Chain mail        |       |    61 |   157 |    62 |       |       |       |       |       ||   280
       Plate armour      |       |       |       |    52 |   359 |       |       |       |       ||   411
       Crystal plate arm |       |       |       |       |   858 |  1642 |  1224 |  1558 |  1270 ||  6552
Dodge: Dodged            |    28 |    40 |    56 |    42 |   362 |   587 |   674 |   708 |   708 ||  3205
Block: Shield            |    42 |    88 |   147 |   114 |   135 |       |       |       |       ||   526
       Rpst.: Long sword |     4 |    10 |    12 |       |       |       |       |       |       ||    26
       Scimitar          |       |       |     8 |    12 |    51 |     5 |       |       |       ||    76
       Great sword       |       |       |       |       |    24 |   115 |    16 |       |       ||   155
       Triple sword      |       |       |       |       |       |       |   126 |   150 |   129 ||   405

Table legend:
 A = Turns spent in this place as a percentage of turns spent in the entire game.
 B = Non-inter-level travel turns spent in this place as a percentage of non-inter-level travel turns spent in the entire game.
 C = Inter-level travel turns spent in this place as a percentage of turns spent in this place.
 D = Turns resting spent in this place as a percentage of non-inter-level travel turns spent in this place.
 E = Turns spent auto-exploring this place as a percentage of non-inter-level travel turns spent in this place.
 F = Non-inter-level travel turns spent in this place divided by the number of levels of this place that you've seen.
                   A       B       C       D       E      F
               +-------+-------+-------+-------+-------+----------------------
         Total | 100.0 | 100.0 |  10.9 |  20.9 |  38.1 | 1208.4
       Dungeon |  25.5 |  24.2 |  15.2 |  23.1 |  44.5 | 1014.6
        Temple |   0.2 |   0.1 |  49.1 |   0.0 |  96.6 |  87.0
          Lair |  14.2 |  13.7 |  14.0 |  26.1 |  44.0 | 1435.0
         Swamp |   6.1 |   6.4 |   6.0 |  11.9 |  51.0 | 1009.0
     Snake Pit |   8.7 |   8.9 |   8.1 |  14.5 |  52.1 | 1402.8
  Orcish Mines |   4.5 |   3.9 |  22.5 |  12.4 |  29.9 | 1222.5
        Vaults |  14.1 |  14.1 |  11.1 |  14.4 |  33.2 | 1767.4
         Crypt |   6.6 |   7.0 |   6.1 |  22.9 |  35.2 | 1465.7
        Depths |  11.6 |  12.1 |   7.0 |  14.7 |  38.5 | 1514.6
           Zot |   6.1 |   6.8 |   0.4 |  30.6 |   3.4 | 856.2
       Ossuary |   1.8 |   2.0 |   0.0 |  63.5 |   0.0 | 1245.0
       Volcano |   0.7 |   0.8 |   0.0 |  49.6 |   4.5 | 494.0
               +-------+-------+-------+-------+-------+----------------------

Levels and vault maps discovered:
D:1:      wander_arrival_chamber, layout_loops_ring
D:2:      layout_loops_ring, amethyst_killhole, uniq_sigmund
D:3:      layout_basic, lemuel_crystal_altar, uniq_ijyb
D:4:      layout_basic, serial_shops, nicolae_shop_stone, kennysheep_doodads
D:5:      layout_cave_pods, lemuel_coloured_pillars_altar, first_ration,
          nicolae_ossuary_entry_plus, chequers_serial_rivers_micro_c,
          uniq_prince_ribbit1
D:6:      layout_rooms, amethyst_overflow_temple_binary,
          minmay_temple_entry_mini_moons, corexii_corridor_pit
D:7:      layout_loops_ring, serial_undead, serial_undead_f, serial_undead_a,
          serial_undead_e, serial_undead_e, serial_undead_f, serial_undead_d,
          serial_undead_c, serial_undead_c, serial_undead_a, serial_undead_d
D:8:      layout_cave_pools, lemuel_doored_altar
D:9:      layout_basic, gammafunk_ghost_cemetery
D:10:     layout_basic, hangedman_fish_farm
D:11:     layout_layer_cave, lair_entry_dummy, serial_shops, shop, shop_coins,
          kennysheep_mini_moat, shop, gammafunk_ghost_hydra_chop
D:12:     layout_irregular_city, david_orc_3
D:13:     layout_gridville, david_vaults_1, serial_shops, shop, uniq_erolcha,
          uniq_sonja
D:14:     layout_cave_pools, serial_shops, kennysheep_mini,
          roderic_serpentine_path, hangedman_decor_clover_reticule
D:15:     hangedman_depths_entry_civil_slaughter, layout_loops_corners,
          grunt_ministairs_3, dk_noncrumbling_3
Temple:   minmay_crystal_spiral_temple
Lair:1:   layout_regular_city, gammafunk_ghost_split, st_stairs_12,
          hibernation_bobbens
Lair:2:   layout_cave_pods, nicolae_swamp_entry_splash_gauntlet,
          grunt_megastairs_1, infiniplex_staircase_pool_2
Lair:3:   layout_chaotic_city
Lair:4:   layout_layer_cave, minmay_snake_entry_guardpost_small,
          nicolae_volcano_entry_two_sided, minmay_lair_oklob_chamber,
          serial_bayou_shore_a, uniq_snorg, uniq_nessos
Lair:5:   layout_misc_corridors, slime_altar_1, tgw_fedhas
Lair:6:   evil_forest, layout_regular_city, grunt_megastairs_5
Swamp:1:  layout_falls_marsh, nicolae_swamp_godswood, infiniplex_staircase_pool
Swamp:2:  layout_falls_marsh, evilmike_swamp_ruin_house_6, grunt_hermit_hut
Swamp:3:  layout_basic_swamp, evilmike_swamp_ruin_rubble_1,
          hangedman_swamp_dais, uniq_roxanne
Swamp:4:  swamp_fiery, layout_basic_swamp
Snake:1:  layout_onion, uniq_agnes, uniq_rupert, uniq_kirke
Snake:2:  layout_chambers, grunt_megastairs_3, lemuel_fruit_tree
Snake:3:  nicolae_aizul_guard, layout_layer_cave, serial_bayou_pond_e,
          uniq_asterion
Snake:4:  snake_pit_salamanders_mu, layout_gridlike, basic_altar,
          nicolae_snake_horde_hoard
Orc:1:    layout_caves, uniq_maurice
Orc:2:    st_orc_congregation, layout_diamond_mine
Vaults:1: v_misc_29, v_misc_28, v_misc_15, nicolae_vaults_little_squares_6,
          v_misc_8, v_pattern_4, vaults_dpeg_ring,
          nicolae_vaults_fighting_squares, v_misc_18, grunt_vaults_focal,
          hangedman_vaults_nails, grunt_vaults_diagonal, layout_vaults_omnibox,
          serial_shops, nicolae_shop_statue_plus
Vaults:2: v_misc_14, nicolae_vaults_circle_grid_a, nicolae_vaults_shelves_hall,
          ontoclasm_vaults_pinch, hangedman_vaults_slice,
          ontoclasm_vaults_twist, layout_vaults_omnigrid,
          minmay_crypt_entry_necro_gods, serial_shops
Vaults:3: st_octagons_1, hangedman_vaults_corner_blocks,
          nicolae_vaults_network_square, ontoclasm_vaults_spin,
          vaults_dpeg_encased_lava, nicolae_vaults_rhombus_5,
          nicolae_vaults_little_ls, nicolae_vaults_little_squares_5,
          layout_vaults_chaotic_city
Vaults:4: v_misc_2, nicolae_vaults_asterisk, nicolae_vaults_ninety_degrees,
          ontoclasm_vaults_fault, ontoclasm_vaults_loading_screen,
          hangedman_vaults_snaps, ontoclasm_vaults_eye, v_misc_3,
          ontoclasm_vaults_shuriken, vaults_room_hangedman_quadrants,
          grunt_vaults_funnel, ontoclasm_vaults_gateway,
          layout_vaults_omnicross, uniq_frederick, uniq_saint_roka
Vaults:5
Crypt:1:  layout_gridlike, special_room [special_room_morgue],
          grunt_crypt_arrival_guarded_gate
Crypt:2:  layout_catacombs, tombwall_bobbens
Crypt:3:  due_elkab, layout_chaotic_city, uniq_margery
Depths:1: layout_cave_shapes, nicolae_twisting_strands, hell_entry,
          hangedman_abyss_or_decor_stabs, grunt_decor_clamped,
          serial_sigils_hangedman_stare, st_stairs_12, minmay_the_grid_2x2
          [minmay_the_grid_garden, minmay_the_grid_broken_lines,
          minmay_the_grid_expand, minmay_the_grid_prize_inner_circle]
Depths:2: cheibrodos_witchhunters_guild, layout_basic, rand_demon_pan_entry_4,
          serial_bayou_lagoon_a, grunt_hell_horde, minmay_staircase_bubble
Depths:3: minmay_crescents, layout_cave_pools, hell_entry, serial_shops,
          nicolae_shop_stone, hangedman_decor_slide_cut, pan_entry,
          wad_dig_loot, uniq_sojobo
Depths:4: gammafunk_depths_water_palace, layout_basic, enter_ziggurat_e,
          minmay_room_of_horrors, hell_entry, nicolae_two_hexagons,
          minmay_holes, drop_trap, hangedman_blasphemy, minmay_shop_grove,
          infiniplex_staircase_zigzag_2
Depths:5: grunt_crosshair, layout_basic, rand_demon_pan_entry_8,
          grunt_hell_entry_dis_mu, enter_trove_5, serial_bayou_shore_b
Zot:1:    layout_gridlike, uniq_tiamat
Zot:2:    hangedman_zot_vaults_quadrants, layout_cathedral_of_symmetry
Zot:3:    layout_cathedral_of_symmetry
Zot:4:    layout_cathedral_of_symmetry, zot_minivault_3
Zot:5:    layout_misc_corridors, drop_trap
Ossuary:  ossuary_minmay_scorpions
Volcano:  volcano_village
